Map: Oxide LE

Players

Prime

  • Race: Terran Terran
  • League: Diamond

NightTrundle - Winner!

  • Race: Protoss Protoss
  • League: Diamond

VOD

Have the link to the VOD?

Description

Time

  • Played on: July 2, 2021, 5:27 p.m.
  • Length: 21:58
Show
View Real Time Build Order
Export as new Build Order

Prime Terran 

Build Orders: Reaper Expand, Hellion Banshee 

Get SALT Encoding   

  12  0:00  SCV  
  13  0:12  SCV  
  14  0:17  Supply Depot  
  14  0:24  SCV  
  15  0:39  SCV  
  15  0:40  Barracks  
  16  0:44  Refinery  
  16  0:52  SCV  
  17  1:04  SCV  
  18  1:16  SCV  
  19  1:28  Reaper  
  19  1:29  Orbital Command  
  20  1:40  Command Center  
  20  1:49  Supply Depot  
  20  1:56  SCV  
  20  2:00  Marine  
  22  2:08  SCV  
  23  2:09  Factory  
  23  2:20  SCV  
  24  2:23  Barracks Reactor  
  24  2:40  SCV  
  24  2:41  Refinery  
  25  2:52  SCV  
  27  3:00  Marine x2  
  27  3:01  Starport  
  27  3:03  Orbital Command  
  27  3:04  SCV  
  29  3:16  SCV  
  29  3:28  SCV  
  29  3:29  SCV, Barracks Tech Lab  
  35  3:34  Hellion x2  
  35  3:40  SCV  
  36  3:41  SCV  
  36  3:44  Supply Depot  
  36  3:45  Starport Tech Lab  
  37  3:52  SCV, Barracks  
  37  3:53  SCV  
  39  3:57  Barracks Tech Lab  
  39  3:58  Hellion x2  
  39  3:59  Banshee  
  46  4:05  SCV x2  
  46  4:08  Cloaking Field  
  48  4:10  Supply Depot  
  48  4:15  Marine  
  49  4:17  SCV  
  49  4:18  SCV  
  49  4:20  Hellion  
  53  4:25  Stimpack  
  53  4:29  SCV  
  53  4:30  Refinery  
  53  4:31  Refinery  
  54  4:33  Marine  
  54  4:36  SCV  
  54  4:37  Barracks  
  56  4:41  Supply Depot  
  56  4:44  SCV  
  57  4:51  Marine  
  61  4:53  Hellion x2  
  61  4:57  Barracks Reactor  
  62  5:02  SCV x2, Banshee  
  62  5:06  Supply Depot  
  67  5:13  Marine  
  68  5:14  SCV x2  
  70  5:23  Widow Mine  
  70  5:26  Widow Mine  
  68  5:31  Marine  
  68  5:32  SCV x2  
  69  5:44  SCV x2  
  71  5:52  Barracks Tech Lab  
  71  5:54  Command Center  
  71  5:56  SCV x2  
  69  6:09  SCV x2  
  71  6:13  Supply Depot  
  71  6:14  Combat Shield, Marauder x2  
  75  6:19  Widow Mine  
  75  6:22  SCV  
  78  6:34  Ghost Academy  
  78  6:35  SCV x2, Widow Mine  
  78  6:36  Supply Depot  
  78  6:37  Barracks  
  84  6:40  Marauder x2  
  84  6:46  Marine, Medivac  
  86  6:47  Barracks  
  86  6:57  SCV x2, Medivac  
  86  6:59  Engineering Bay  
  86  7:00  Engineering Bay  
  91  7:02  Barracks  
  91  7:04  Widow Mine  
  91  7:06  Widow Mine  
  98  7:09  SCV x2  
  98  7:13  Barracks  
  100  7:16  Medivac  
  100  7:26  Enhanced Shockwaves, Widow Mine  
  100  7:29  Terran Infantry Weapons Level 1  
  104  7:34  Unknown  
  104  7:35  Terran Infantry Armor Level 1, Unknown  
  104  7:36  Supply Depot  
  109  7:37  SCV  
  109  7:38  Orbital Command  
  109  7:39  SCV  
  110  7:49  SCV  
  112  7:51  SCV  
  112  7:52  Barracks Reactor  
  112  7:53  Unknown  
  112  7:57  Barracks Reactor  
  114  8:01  SCV  
  114  8:02  Barracks Reactor  
  114  8:03  Marine, SCV, Unknown x2  
  114  8:04  Widow Mine  
  119  8:08  SCV  
  120  8:13  SCV  
  120  8:15  Refinery  
  120  8:16  SCV, Refinery  
  124  8:22  Unknown  
  124  8:25  SCV  
  124  8:26  Starport  
  123  8:28  Command Center  
  123  8:30  SCV x2  
  121  8:37  Liberator  
  121  8:41  SCV  
  125  8:43  Supply Depot x2  
  125  8:46  Unknown  
  125  8:48  Refinery  
  125  9:03  Armory  
  125  9:04  Marine x7, SCV, Marauder x2, Liberator  
  125  9:05  SCV  
  141  9:18  Starport Reactor  
  141  9:40  Marine x4, SCV x3, Widow Mine x2, Marauder  
  141  9:45  Marine x2  
  156  9:50  Liberator  
  156  9:58  Orbital Command  
  156  10:01  Command Center  
  156  10:04  Terran Infantry Armor Level 2  
  156  10:08  Unknown  
  156  10:11  Unknown  
  156  10:12  Liberator  
  156  10:13  Marine  
  156  10:15  SCV  
  156  10:17  SCV, Marine x4  
  156  10:19  Marine  
  156  10:23  Liberator  
  156  10:27  Refinery  
  144  10:43  Marine  
  144  10:44  Marine x4  
  144  10:45  Widow Mine  
  155  10:51  Liberator  
  155  10:54  Widow Mine  
  155  10:56  Liberator  
  153  11:04  Marine x6  
  149  11:05  SCV x3  
  149  11:08  SCV  
  149  11:11  Marine, Unknown x3  
  152  11:14  Fusion Core  
  152  11:16  Terran Infantry Weapons Level 2  
  152  11:17  Supply Depot  
  132  11:39  Unknown  
  130  11:40  Marine x3  
  122  11:58  Marine  
  122  11:59  Marine x3  
  122  12:00  Liberator x2  
  128  12:02  SCV x2  
  128  12:03  SCV  
  128  12:04  SCV, Orbital Command  
  128  12:07  Unknown  
  128  12:08  Unknown x2  
  126  12:13  Command Center  
  126  12:14  SCV  
  123  12:21  Marine x2  
  123  12:22  Marine x4  
  128  12:24  SCV  
  128  12:25  SCV  
  128  12:27  Barracks x2  
  131  12:30  Command Center  
  131  12:32  SCV x2  
  131  12:36  SCV x2, Unknown x3  
  138  12:37  SCV  
  138  12:41  Terran Infantry Armor Level 3  
  138  12:43  Liberator, Refinery  
  145  12:44  SCV x2, Liberator x2, Refinery  
  147  12:55  Marine x3  
  147  12:56  Widow Mine x2  
  147  12:57  Marine x3  
  157  13:01  Liberator  
  157  13:04  Unknown  
  162  13:06  Unknown  
  162  13:07  Unknown  
  151  13:30  Marine x5  
  151  13:31  Medivac, Widow Mine x2  
  151  13:32  Liberator, Medivac  
  151  13:33  Unknown  
  159  13:35  SCV, Unknown  
  160  13:44  Liberator  
  160  13:47  Orbital Command  
  167  13:50  Orbital Command  
  167  13:51  SCV  
  167  13:54  Refinery  
  167  13:55  Barracks Tech Lab  
  168  13:58  SCV, Unknown  
  168  14:00  Refinery  
  169  14:03  Barracks Tech Lab  
  169  14:04  Marine x4  
  169  14:05  Marine x2  
  169  14:06  Liberator x2  
  169  14:09  SCV x2  
  185  14:12  Marine, Unknown x2  
  188  14:19  Refinery  
  188  14:20  Refinery  
  188  14:24  Viking  
  186  14:27  Marine, Viking  
  186  14:28  Marine x3  
  192  14:32  Unknown  
  192  14:37  Marine  
  192  14:38  Marine x2  
  191  14:40  Advanced Ballistics, Unknown  
  191  14:41  SCV  
  191  14:42  SCV x3  
  156  15:00  Marine x6  
  156  15:02  Viking x4  
  156  15:05  SCV x2  
  156  15:06  Unknown x2  
  176  15:08  SCV x2  
  178  15:19  Marine x2  
  178  15:20  Marine x3  
  187  15:22  Widow Mine x2  
  187  15:27  Barracks Tech Lab  
  191  15:28  Unknown  
  191  15:29  Unknown x2  
  191  15:30  Starport  
  191  15:32  Viking x3  
  191  15:35  Marine  
  200  15:47  Unknown  
  200  15:48  Unknown  
  191  15:57  Marine x3, Unknown  
  129  16:20  Marine x2  
  129  16:21  Marine x4  
  139  16:29  Viking x4  
  140  16:36  Widow Mine x2  
  140  16:38  Marine x2  
  140  16:39  Marine  
  144  16:48  Unknown x3  
  144  16:49  Unknown x2  
  144  16:58  Marine x6, Widow Mine  
  144  16:59  Viking  
  158  17:02  SCV x2  
  131  17:17  Unknown x2  
  131  17:22  SCV x3  
  120  17:26  Marine x6  
  120  17:29  Marine, Viking x4, Unknown x3  
  138  17:36  SCV x2  
  138  17:37  SCV x3  
  142  17:44  Marine  
  142  17:45  Unknown x2  
  142  17:47  Marine x4  
  142  17:48  SCV  
  154  17:56  Command Center  
  154  17:57  Unknown x2  
  149  18:02  Marine  
  149  18:03  Widow Mine x2  
  138  18:10  Bunker  
  132  18:15  Unknown x2  
  132  18:16  Viking x4  
  144  18:24  Widow Mine x2  
  144  18:26  Unknown x2  
  145  18:43  Marine x8  
  145  18:44  Marine, Unknown x2  
  141  18:54  Marine, Unknown  
  125  19:07  Marine  
  125  19:08  Marine x8  
  125  19:09  Widow Mine x2  
  138  19:12  Marine  
  138  19:13  SCV  
  138  19:14  SCV x2  
  150  19:25  Marine x4  
  150  19:27  Viking x2  
  150  19:29  Medivac  
  150  19:30  Widow Mine, Medivac  
  158  19:33  Orbital Command  
  158  19:43  Command Center  
  142  19:54  Unknown  
  142  19:57  Viking x2  
  51  20:30  Marine x3  
  51  20:33  Widow Mine  
  34  21:00  Unknown x4  
  8  21:29  Unknown  
Show
View Real Time Build Order
Export as new Build Order

NightTrundle Protoss - Winner!

Build Orders: Carriers 

Get SALT Encoding   

  12  0:00  Probe  
  13  0:13  Probe  
  14  0:18  Pylon  
  14  0:25  Probe  
  15  0:37  Probe  
  15  0:39  Gateway  
  16  0:48  Assimilator  
  16  0:49  Probe  
  17  1:02  Probe  
  18  1:14  Probe  
  19  1:26  Cybernetics Core  
  19  1:28  Probe  
  20  1:45  Pylon  
  20  1:48  Nexus  
  20  1:51  Probe  
  21  2:03  Gateway, Probe  
  21  2:07  Stalker (Chrono Boost)  
  24  2:27  Assimilator  
  24  2:32  Shield Battery  
  24  2:41  Probe  
  25  2:45  Pylon  
  25  2:49  Forge, Warp Gate (Chrono Boost)  
  25  2:53  Probe  
  26  3:01  Stalker  
  26  3:04  Probe  
  29  3:05  Probe  
  30  3:16  Shield Battery  
  30  3:23  Probe x2  
  32  3:31  Pylon  
  32  3:32  Photon Cannon  
  32  3:45  Probe  
  33  3:49  Stargate  
  33  3:54  Photon Cannon  
  33  3:55  Probe  
  33  3:57  Probe  
  35  4:08  Probe  
  36  4:17  Photon Cannon  
  36  4:21  Probe x2  
  38  4:26  Stalker  
  38  4:27  Protoss Air Weapons Level 1  
  38  4:30  Stalker  
  41  4:33  Probe  
  41  4:34  Oracle (Chrono Boost)  
  45  4:39  Probe  
  45  4:45  Assimilator  
  46  4:57  Probe  
  46  4:58  Probe  
  48  5:03  Assimilator  
  48  5:05  Stargate  
  48  5:09  Probe  
  48  5:14  Probe  
  50  5:22  Probe  
  50  5:26  Probe  
  50  5:27  Void Ray  
  51  5:34  Probe  
  56  5:38  Probe  
  56  6:01  Robotics Facility  
  53  6:06  Probe x2  
  55  6:12  Void Ray  
  55  6:15  Pylon  
  59  6:18  Probe x2  
  59  6:19  Pylon  
  61  6:27  Protoss Ground Weapons Level 1, Fleet Beacon  
  61  6:30  Probe  
  62  6:50  Twilight Council  
  62  6:51  Observer  
  63  6:58  Stalker  
  65  7:05  Probe x2, Photon Cannon  
  67  7:17  Nexus  
  67  7:20  Stalker  
  69  7:24  Shield Battery  
  69  7:25  Void Ray, Pylon  
  69  7:27  Stalker  
  69  7:28  Probe x2  
  77  7:43  Pylon  
  77  7:45  Pylon  
  77  7:53  Tempest  
  77  7:56  Probe  
  77  7:57  Gateway  
  83  8:04  Cybernetics Core  
  83  8:07  Charge  
  83  8:08  Probe x2  
  83  8:10  Stargate  
  85  8:31  Probe x2  
  85  8:34  Probe  
  88  8:41  Carrier  
  88  8:43  Probe  
  88  8:44  Probe  
  88  8:46  Probe  
  97  8:51  Templar Archives  
  97  9:06  Carrier  
  103  9:16  Gateway  
  103  9:21  Probe x2  
  105  9:25  Assimilator  
  105  9:27  Assimilator  
  106  9:31  Observer  
  106  9:36  Pylon  
  106  9:37  Protoss Air Weapons Level 2  
  105  9:39  Pylon  
  105  9:49  Stalker x3  
  86  9:53  Observer  
  84  10:18  Zealot x2  
  84  10:19  Zealot x2  
  88  10:22  Carrier x2 (Chrono Boost)  
  94  10:29  Probe x2  
  92  10:41  Zealot x4  
  100  10:49  Shield Battery  
  99  10:50  Photon Cannon  
  99  10:52  Void Ray (Chrono Boost)  
  82  11:22  Zealot x4  
  67  11:37  Probe x3  
  66  11:41  Carrier x2  
  66  11:47  Zealot x4  
  80  11:49  Probe x2  
  84  12:03  Observer, Probe x3  
  80  12:11  Zealot x3  
  80  12:12  Zealot  
  80  12:15  Psionic Storm, Probe  
  88  12:17  Carrier  
  88  12:18  Probe x2  
  88  12:21  Pylon  
  97  12:27  Probe  
  97  12:30  Probe  
  98  12:39  Zealot  
  98  12:40  High Templar, Probe  
  99  12:52  Probe  
  99  12:56  Shield Battery  
  100  12:58  Shield Battery  
  100  13:00  Probe x2  
  100  13:02  Carrier  
  100  13:04  Zealot, Probe  
  100  13:05  Zealot x2  
  115  13:12  Probe  
  113  13:22  Zealot  
  109  13:34  Zealot x3  
  111  13:35  Probe x2  
  111  13:39  Carrier  
  123  13:48  Pylon  
  123  13:50  Probe x2  
  123  13:55  Pylon x2  
  125  14:01  Pylon  
  125  14:04  Nexus  
  125  14:06  Carrier  
  125  14:08  Pylon  
  131  14:15  Shield Battery  
  130  14:37  Zealot x4  
  126  14:39  Probe x2  
  126  14:40  Probe  
  129  14:47  Gateway  
  129  14:48  Carrier x2  
  135  15:02  High Templar  
  135  15:04  Zealot x3  
  143  15:19  Photon Cannon  
  143  15:21  Photon Cannon  
  143  15:22  Photon Cannon  
  143  15:42  Shield Battery  
  143  15:44  Probe  
  143  15:47  Shield Battery  
  140  15:51  Protoss Air Armor Level 1, Protoss Air Weapons Level 3  
  125  15:57  High Templar  
  125  15:58  High Templar  
  125  16:00  Zealot x2  
  125  16:01  Zealot  
  135  16:08  Archon  
  94  16:21  High Templar  
  94  16:22  Zealot  
  94  16:23  Zealot  
  94  16:24  Probe x2  
  94  16:25  Probe  
  103  16:29  Carrier  
  109  16:36  Probe  
  109  16:37  Probe  
  111  16:50  Zealot x3  
  111  16:51  Zealot  
  117  17:07  Carrier  
  117  17:08  Carrier  
  119  17:27  Probe x2  
  119  17:29  Pylon  
  121  17:31  Pylon, Zealot x2  
  121  17:32  Zealot x3  
  121  17:33  Pylon, Tempest  
  128  18:12  Carrier x2  
  140  18:16  Zealot x2  
  140  18:17  Zealot  
  146  18:21  Photon Cannon  
  146  18:24  Protoss Air Armor Level 2 (Chrono Boost), Photon Cannon  
  146  18:26  Shield Battery  
  146  18:31  Zealot x2  
  150  18:40  Gateway  
  150  18:43  Gateway  
  150  18:46  High Templar  
  150  18:47  Zealot x2  
  156  19:10  Nexus  
  156  19:12  Shield Battery  
  156  19:14  Carrier  
  156  19:16  Carrier  
  168  19:18  High Templar x2  
  168  19:19  Zealot  
  174  19:24  Observer  
  173  19:40  Assimilator  
  173  19:43  Assimilator  
  147  20:08  Zealot x5  
  147  20:09  Zealot  
  147  20:10  Zealot  
  161  20:16  Observer  
  156  20:33  Carrier x3  
  174  20:37  Zealot x3  
  174  20:38  Zealot, Observer  
  183  20:51  Archon x2  
  181  21:10  Zealot x4  
  181  21:32  Zealot x3  
  185  21:33  Zealot x4  
Tags
 
Add a new tag
Caveats
  • Supply blocks, unpowered buildings, or Contaminate may cause inaccurate times.
  • Supply counts are checked every 10 seconds.